DSL
DSL DETROIT TIGERS @ DSL TAMPA BAY RAYS
08/04/2041
 
TOP OF THE 1ST
DSL Detroit Tigers batting - Pitching for DSL Tampa Bay Rays : LHP Iván Ramos
Pitching: LHP Iván Ramos
Batting: LHB Buddy Burns 0-0: Called Strike
0-1: Swinging Strike
0-2: Ball
1-2: Ball
2-2: SINGLE (Line Drive, 8RS, EV 96.9 MPH)
Batting: RHB Ed Daniels 0-0: Ball
1-0: SINGLE (Line Drive, 4D, EV 103.8 MPH)
Buddy Burns to second
Batting: SHB Jesús Fernández 0-0: Ball
1-0: Swinging Strike
1-1: Swinging Strike
1-2: Foul Ball, location: 3F
1-2: Strikes out swinging
Batting: RHB Tommy Bell 0-0: Swinging Strike
0-1: Swinging Strike
0-2: Ball
1-2: Strikes out swinging
Batting: RHB Ty Carlson 0-0: Swinging Strike
0-1: Ball
1-1: Foul Ball, location: 23F
1-2: Strikes out swinging
Top of the 1st over - 0 runs, 2 hits, 0 errors, 2 left on base; DSL Detroit 0 - DSL Tampa Bay 0
BOTTOM OF THE 1ST
DSL Tampa Bay Rays batting - Pitching for DSL Detroit Tigers : RHP Ron Clark
Pitching: RHP Ron Clark
Batting: RHB Manny Luna 0-0: Ball
1-0: Ground out 5-3 (Groundball, 5, EV 103.1 MPH)
Batting: RHB Héctor Martínez 0-0: Ball
1-0: Ball
2-0: Ball
3-0: Base on Balls
Batting: LHB Octávio Rodríguez 0-0: Ball
1-0: Called Strike
1-1: Ball
2-1: Ball
3-1: Base on Balls
Héctor Martínez to second
Batting: LHB Jorge Hernández 0-0: Called Strike
0-1: Ball
1-1: SINGLE (Line Drive, 8RS, EV 111.3 MPH)
Héctor Martínez to third
Octávio Rodríguez to second
Runner from 3rd tries for Home, SAFE, throw by CF to home
Octávio Rodríguez to third
Jorge Hernández to second
Batting: LHB Beau Livingston 0-0: Called Strike
0-1: Ball
1-1: Ball
2-1: Foul Ball, location: 3F
2-2: Ground out 4-3 (Groundball, 4M, EV 101.3 MPH)
Octávio Rodríguez scores
Jorge Hernández to third
Batting: RHB Alfredo Mercado 0-0: Ball
1-0: Foul Ball, location: 2F
1-1: Ball
2-1: Called Strike
2-2: Strikes out swinging
Bottom of the 1st over - 2 runs, 1 hit, 0 errors, 1 left on base; DSL Detroit 0 - DSL Tampa Bay 2
TOP OF THE 2ND
DSL Detroit Tigers batting - Pitching for DSL Tampa Bay Rays : LHP Iván Ramos
Batting: RHB Ánibal López 0-0: Fly out, F8 (Flyball, 8RM, EV 85.6 MPH)
Batting: RHB Jeff Jackson 0-0: Swinging Strike
0-1: Ball
1-1: Swinging Strike
1-2: Ball
2-2: Fly out, F8 (Flyball, 8RM, EV 88.1 MPH)
Batting: RHB Curt Gordon 0-0: Fly out, F8 (Flyball, 8RM, EV 91.3 MPH)
Top of the 2nd over - 0 runs, 0 hits, 0 errors, 0 left on base; DSL Detroit 0 - DSL Tampa Bay 2
BOTTOM OF THE 2ND
DSL Tampa Bay Rays batting - Pitching for DSL Detroit Tigers : RHP Ron Clark
Batting: LHB José Arredondo 0-0: Called Strike
0-1: Ball
1-1: Ball
2-1: DOUBLE (Groundball, 5L, EV 93.8 MPH)
Batting: RHB Alfredo Rosa 0-0: Ball
1-0: Called Strike
1-1: Foul Ball, location: 3F
1-2: Strikes out swinging
Batting: RHB Héctor Mercado 0-0: Called Strike
0-1: Fly out, F9 (Flyball, 9S, EV 87.5 MPH)
Batting: RHB Manny Luna 0-0: Called Strike
0-1: Swinging Strike
0-2: Strikes out swinging
Bottom of the 2nd over - 0 runs, 1 hit, 0 errors, 1 left on base; DSL Detroit 0 - DSL Tampa Bay 2
TOP OF THE 3RD
DSL Detroit Tigers batting - Pitching for DSL Tampa Bay Rays : LHP Iván Ramos
Batting: RHB Eric Tidwell 0-0: Called Strike
0-1: Ground out 6-3 (Groundball, 6, EV 78.8 MPH)
Batting: LHB Buddy Burns 0-0: Fly out, F8 (Line Drive, 8LD, EV 104.4 MPH)
Batting: RHB Ed Daniels 0-0: Foul Ball, location: 9LDF
0-1: Foul Ball, location: 7LMF
0-2: Ball
1-2: Strikes out looking
Top of the 3rd over - 0 runs, 0 hits, 0 errors, 0 left on base; DSL Detroit 0 - DSL Tampa Bay 2
BOTTOM OF THE 3RD
DSL Tampa Bay Rays batting - Pitching for DSL Detroit Tigers : RHP Ron Clark
Batting: RHB Héctor Martínez 0-0: DOUBLE (Line Drive, 78D, EV 101.9 MPH)
Batting: LHB Octávio Rodríguez 0-0: Called Strike
0-1: Called Strike
0-2: Strikes out swinging
Batting: LHB Jorge Hernández 0-0: Ball
1-0: Fly out, F8 (Flyball, 89M, EV 88.1 MPH)
Batting: LHB Beau Livingston 0-0: Ball
1-0: Foul Ball, location: 3FF
1-1: Called Strike
1-2: Fly out, F8 (Flyball, 8RM, EV 95.6 MPH)
Bottom of the 3rd over - 0 runs, 1 hit, 0 errors, 1 left on base; DSL Detroit 0 - DSL Tampa Bay 2
TOP OF THE 4TH
DSL Detroit Tigers batting - Pitching for DSL Tampa Bay Rays : LHP Iván Ramos
Batting: SHB Jesús Fernández 0-0: Called Strike
0-1: Called Strike
0-2: Ball
1-2: Ball
2-2: Fly out, F9 (Flyball, 89M, EV 93.8 MPH)
Batting: RHB Tommy Bell 0-0: Ball
1-0: Ball
2-0: Foul Ball, location: 2F
2-1: Swinging Strike
2-2: Strikes out swinging
Batting: RHB Ty Carlson 0-0: Ball
1-0: Ball
2-0: Ball
3-0: Called Strike
3-1: Base on Balls
Batting: RHB Ánibal López 0-0: Ball
1-0: Ball
2-0: Ball
3-0: Foul Ball, location: 5SF
3-1: Swinging Strike
3-2: Base on Balls
Ty Carlson to second
Batting: RHB Jeff Jackson 0-0: Ball
1-0: Ball
2-0: Fly out, F9 (Flyball, 9LM, EV 100.0 MPH)
Top of the 4th over - 0 runs, 0 hits, 0 errors, 2 left on base; DSL Detroit 0 - DSL Tampa Bay 2
BOTTOM OF THE 4TH
DSL Tampa Bay Rays batting - Pitching for DSL Detroit Tigers : RHP Ron Clark
Batting: RHB Alfredo Mercado 0-0: Called Strike
0-1: Ball
1-1: Swinging Strike
1-2: Ball
2-2: Strikes out swinging
Batting: LHB José Arredondo 0-0: Called Strike
0-1: Ball
1-1: Swinging Strike
1-2: Strikes out looking
Batting: RHB Alfredo Rosa 0-0: Ground out 5-3 (Groundball, 56S, EV 88.1 MPH)
Bottom of the 4th over - 0 runs, 0 hits, 0 errors, 0 left on base; DSL Detroit 0 - DSL Tampa Bay 2
TOP OF THE 5TH
DSL Detroit Tigers batting - Pitching for DSL Tampa Bay Rays : LHP Iván Ramos
Batting: RHB Curt Gordon 0-0: Ball
1-0: Swinging Strike
1-1: Ball
2-1: Ball
3-1: Swinging Strike
3-2: Base on Balls
Batting: RHB Eric Tidwell 0-0: Called Strike
0-1: Foul Ball, location: 9LSF
0-2: Foul Ball, location: 9LMF
0-2: Ball
1-2: Strikes out swinging
Batting: LHB Buddy Burns 0-0: Called Strike
0-1: Ball
1-1: TRIPLE (Line Drive, 89XD, EV 104.4 MPH)
Curt Gordon scores
Batting: RHB Ed Daniels 0-0: Ball
1-0: 2-RUN HOME RUN (Flyball, 7LD, EV 95.6 MPH), Distance : 336 ft
Batting: SHB Jesús Fernández 0-0: Called Strike
0-1: Ball
1-1: Called Strike
1-2: Ball
2-2: SOLO HOME RUN (Flyball, 7D, EV 90.6 MPH), Distance : 350 ft
Pitching: RHP Arturo Vázquez
Batting: RHB Tommy Bell 0-0: Ball
1-0: Ball
2-0: Called Strike
2-1: Ball
3-1: Base on Balls
Batting: RHB Ty Carlson 0-0: Called Strike
0-1: Foul Ball, location: 25F
0-2: Strikes out swinging
Batting: RHB Ánibal López 0-0: Swinging Strike
0-1: Swinging Strike
0-2: Strikes out swinging
Top of the 5th over - 4 runs, 3 hits, 0 errors, 1 left on base; DSL Detroit 4 - DSL Tampa Bay 2
BOTTOM OF THE 5TH
DSL Tampa Bay Rays batting - Pitching for DSL Detroit Tigers : RHP Ron Clark
Batting: RHB Héctor Mercado 0-0: SINGLE (Flyball, 8LS, EV 100.0 MPH)
Batting: RHB Manny Luna 0-0: SINGLE (Line Drive, 78S, EV 92.5 MPH)
Héctor Mercado to second
Batting: RHB Héctor Martínez 0-0: Sac Bunt to P - play at first, batter OUT! 1-3
Héctor Mercado to third
Manny Luna to second
Batting: LHB Octávio Rodríguez 0-0: Called Strike
0-1: Swinging Strike
0-2: Strikes out swinging
Batting: LHB Jorge Hernández 0-0: Called Strike
0-1: Foul Ball, location: 3FF
0-2: Ball
1-2: Strikes out swinging
Bottom of the 5th over - 0 runs, 2 hits, 0 errors, 2 left on base; DSL Detroit 4 - DSL Tampa Bay 2
TOP OF THE 6TH
DSL Detroit Tigers batting - Pitching for DSL Tampa Bay Rays : RHP Arturo Vázquez
Batting: RHB Jeff Jackson 0-0: Ball
1-0: Reached on error, E1 (Groundball, 15S, EV 74.4 MPH)
Batting: RHB Curt Gordon 0-0: Bunted foul
0-1: Sac Bunt to 23 - play at first, batter OUT! 3-4
Jeff Jackson to second
Batting: RHB Eric Tidwell 0-0: Ball
1-0: Ball
2-0: Called Strike
2-1: Foul Ball, location: 2F
2-2: Foul Ball, location: 7LMFF
2-2: Ball
3-2: Foul Ball, location: 9LSF
3-2: Strikes out swinging
Batting: LHB Buddy Burns 0-0: Ground out 5-3 (Groundball, 56, EV 98.1 MPH)
Top of the 6th over - 0 runs, 0 hits, 1 error, 1 left on base; DSL Detroit 4 - DSL Tampa Bay 2
BOTTOM OF THE 6TH
DSL Tampa Bay Rays batting - Pitching for DSL Detroit Tigers : RHP Ron Clark
Batting: LHB Beau Livingston 0-0: Ball
1-0: Ball
2-0: Foul Ball, location: 2F
2-1: DOUBLE (Line Drive, 78D, EV 100.6 MPH)
Batting: RHB Alfredo Mercado 0-0: Ball
1-0: Ball
2-0: Swinging Strike
2-1: Ball
3-1: Swinging Strike
3-2: Strikes out swinging
Batting: LHB José Arredondo 0-0: Ball
1-0: Called Strike
1-1: Ball
2-1: Foul Ball, location: 3F
2-2: Ball
3-2: Base on Balls
Batting: RHB Alfredo Rosa 0-0: Ball
1-0: Called Strike
1-1: Ball
2-1: Called Strike
2-2: Strikes out looking
Batting: RHB Héctor Mercado 0-0: Foul Ball, location: 5FF
0-1: Ball
1-1: Called Strike
1-2: Foul Ball, location: 7LDF
1-2: Strikes out swinging
Bottom of the 6th over - 0 runs, 1 hit, 0 errors, 2 left on base; DSL Detroit 4 - DSL Tampa Bay 2
TOP OF THE 7TH
DSL Detroit Tigers batting - Pitching for DSL Tampa Bay Rays : RHP Arturo Vázquez
Batting: RHB Ed Daniels 0-0: Swinging Strike
0-1: Ball
1-1: Foul Ball, location: 2F
1-2: Strikes out swinging
Batting: SHB Jesús Fernández 0-0: Foul Ball, location: 2F
0-1: Ball
1-1: Ball
2-1: Swinging Strike
2-2: Strikes out swinging
Batting: RHB Tommy Bell 0-0: Ball
1-0: Swinging Strike
1-1: Foul Ball, location: 2F
1-2: Ball
2-2: Ball
3-2: Base on Balls
Batting: RHB Ty Carlson 0-0: Ball
1-0: Called Strike
1-1: Called Strike
1-2: Strikes out swinging
Top of the 7th over - 0 runs, 0 hits, 0 errors, 1 left on base; DSL Detroit 4 - DSL Tampa Bay 2
BOTTOM OF THE 7TH
DSL Tampa Bay Rays batting - Pitching for DSL Detroit Tigers : RHP Ron Clark
Batting: RHB Manny Luna 0-0: Foul Ball, location: 2F
0-1: Called Strike
0-2: Strikes out swinging
Batting: RHB Héctor Martínez 0-0: Foul Ball, location: 9LMF
0-1: Ball
1-1: Ball
2-1: Swinging Strike
2-2: Strikes out swinging, 2-3 out at first.
Batting: LHB Octávio Rodríguez 0-0: Called Strike
0-1: Ball
1-1: Ball
2-1: Swinging Strike
2-2: Ball
3-2: Strikes out swinging
Bottom of the 7th over - 0 runs, 0 hits, 0 errors, 0 left on base; DSL Detroit 4 - DSL Tampa Bay 2
TOP OF THE 8TH
DSL Detroit Tigers batting - Pitching for DSL Tampa Bay Rays : RHP Arturo Vázquez
Batting: RHB Ánibal López 0-0: Ball
1-0: Foul Ball, location: 9LMF
1-1: Foul Ball, location: 7LMF
1-2: Ball
2-2: DOUBLE (Line Drive, 78D, EV 110.0 MPH)
Batting: RHB Pepe Martínez 0-0: Ball
1-0: Ball
2-0: Foul Ball, location: 5FF
2-1: Ball
3-1: Bunted foul
3-2: Foul Ball, location: 2F
3-2: Foul Ball, location: 9LMFF
3-2: Strikes out swinging
Pitching: RHP Jorge Hernández
Batting: RHB Curt Gordon 0-0: Swinging Strike
0-1: Ball
1-1: Swinging Strike
1-2: Strikes out swinging
Batting: RHB Eric Tidwell 0-0: Called Strike
0-1: Ground out 5-3 (Groundball, 5, EV 85.0 MPH)
Top of the 8th over - 0 runs, 1 hit, 0 errors, 1 left on base; DSL Detroit 4 - DSL Tampa Bay 2
BOTTOM OF THE 8TH
DSL Tampa Bay Rays batting - Pitching for DSL Detroit Tigers : RHP Ron Clark
Pitching: LHP Norberto Rodríguez
Batting: RHB Juan Valverde 0-0: Ball
1-0: Called Strike
1-1: Swinging Strike
1-2: Foul Ball, location: 9LMF
1-2: Foul Ball, location: 2LF
1-2: Foul Ball, location: 3DF
1-2: Fly out, F3 (Popup, 3SF, EV 76.9 MPH)
Batting: LHB Beau Livingston 0-0: Called Strike
0-1: Ball
1-1: Ball
2-1: Ball
3-1: Base on Balls
Pitching: RHP César Carlos
Pinch Hitting: LHB Norberto Burgos 0-0: Ball
1-0: Ball
2-0: Ball
3-0: Called Strike
3-1: Fielders Choice at 2nd, 2-4 (Groundball, 15S, EV 71.9 MPH)
Batting: LHB José Arredondo 0-0: Called Strike
0-1: Foul Ball, location: 2LF
0-2: Ball
1-2: Foul Ball, location: 2F
1-2: DOUBLE (Flyball, 89D, EV 98.8 MPH)
Norberto Burgos to third
Batting: RHB Alfredo Rosa 0-0: Ball
1-0: Ball
2-0: Called Strike
2-1: Ball
3-1: SINGLE (Groundball, 56S, EV 74.4 MPH) (infield hit)
Norberto Burgos scores
José Arredondo to third
Pinch Hitting: RHB David Morales 0-0: Ball
1-0: Called Strike
1-1: Called Strike
1-2: Strikes out swinging
Bottom of the 8th over - 1 run, 2 hits, 0 errors, 2 left on base; DSL Detroit 4 - DSL Tampa Bay 3
TOP OF THE 9TH
DSL Detroit Tigers batting - Pitching for DSL Tampa Bay Rays : RHP Jorge Hernández
Pitching: RHP Luis Barrón
Now at C: Jorge Sánchez
Now at 1B: Manny Luna
Now in CF: Alfredo Pérez
Pinch Hitting: RHB Chad Cantrell 0-0: Called Strike
0-1: Ball
1-1: Called Strike
1-2: Ball
2-2: Strikes out looking
Batting: RHB Ed Daniels 0-0: Ball
1-0: Ball
2-0: Ball
3-0: Called Strike
3-1: Foul Ball, location: 9LSF
3-2: Strikes out swinging
Batting: SHB Jesús Fernández 0-0: SINGLE (Groundball, 4M, EV 83.8 MPH)
Batting: RHB Tommy Bell 0-0: Called Strike
0-1: Called Strike
0-2: Foul Ball, location: 2F
0-2: Ball
1-2: Ball
2-2: Ball
3-2: SINGLE (Flyball, 8LS, EV 88.8 MPH)
Jesús Fernández to second
Jesús Fernández to third
Batting: RHB Ty Carlson 0-0: Ball
1-0: Ball
Balk!
Jesús Fernández scores
Tommy Bell to second
2-0: Foul Ball, location: 25FF
2-1: Foul Ball, location: 2F
2-2: Strikes out swinging
Top of the 9th over - 1 run, 2 hits, 0 errors, 1 left on base; DSL Detroit 5 - DSL Tampa Bay 3
BOTTOM OF THE 9TH
DSL Tampa Bay Rays batting - Pitching for DSL Detroit Tigers : RHP César Carlos
Pitching: LHP Steve Ryan
Now at 1B: Jesús Arreola
Now at 3B: Leonardo Sánchez
Now in LF: César Mendoza
Batting: RHB Manny Luna 0-0: Ground out 5-3 (Groundball, 56, EV 85.0 MPH)
Batting: RHB Héctor Martínez 0-0: Called Strike
0-1: Foul Ball, location: 9LMF
0-2: Ball
1-2: Ball
2-2: Strikes out swinging
Pinch Hitting: RHB Juan León 0-0: Called Strike
0-1: DOUBLE (Flyball, 8RXD, EV 106.9 MPH)
Batting: RHB Juan Valverde 0-0: Ball
1-0: Ball
2-0: Ball
3-0: Base on Balls
Batting: LHB Beau Livingston 0-0: DOUBLE (Line Drive, 3D, EV 98.8 MPH)
Juan León scores
Juan Valverde to third
Runner from 3rd tries for Home, throw by RF and OUT! 9-4-2
Bottom of the 9th over - 1 run, 2 hits, 0 errors, 1 left on base; DSL Detroit 5 - DSL Tampa Bay 4
Wednesday, April 3rd , 2024 - OOTP Baseball 24.10 Build 82